ORI
MISSISSIPPI STATE UNIVERSITY BULLDOGS @ UNIVERSITY OF ALABAMA CRIMSON TIDE
08/12/2049
 
TOP OF THE 1ST
Mississippi State University Bulldogs batting - Pitching for University of Alabama Crimson Tide : RHP Maarten Postma
Pitching: RHP Maarten Postma
Batting: SHB Toshinori Shimabukuro 0-0: SINGLE (Line Drive, 9LS, EV 98.8 MPH)
Batting: SHB Shou-xin Ouyang 0-0: Called Strike
0-1: Swinging Strike
0-2: SINGLE (Groundball, P, EV 85.6 MPH) (infield hit)
Toshinori Shimabukuro to second
Batting: RHB Masahito Sunada 0-0: Foul Ball, location: 2F
0-1: Ball
1-1: Ball
2-1: Ball
3-1: TRIPLE (Line Drive, 78XD, EV 107.5 MPH)
Toshinori Shimabukuro scores
Shou-xin Ouyang scores
Batting: RHB Eric Riley 0-0: SINGLE (Line Drive, 4M, EV 96.2 MPH)
Masahito Sunada scores
Batting: RHB Karl Lukasiewicz 0-0: Called Strike
0-1: Swinging Strike
0-2: Strikes out swinging
Batting: RHB Bill Petipas 0-0: Ball
1-0: Grounds into double play, 6-4-3 (Groundball, 6S, EV 84.4 MPH)
Top of the 1st over - 3 runs, 4 hits, 0 errors, 0 left on base; Mississippi State University 3 - University of Alabama 0
BOTTOM OF THE 1ST
University of Alabama Crimson Tide batting - Pitching for Mississippi State University Bulldogs : LHP Jon Hoffman
Pitching: LHP Jon Hoffman
Batting: RHB Danny Rosario 0-0: Called Strike
0-1: Ball
1-1: Ball
2-1: Called Strike
2-2: Strikes out swinging
Batting: RHB Jong-your Lee 0-0: Called Strike
0-1: Foul Ball, location: 2F
0-2: Strikes out swinging
Batting: RHB Justin Gray 0-0: Ground out 6-3 (Groundball, 6, EV 105.6 MPH)
Bottom of the 1st over - 0 runs, 0 hits, 0 errors, 0 left on base; Mississippi State University 3 - University of Alabama 0
TOP OF THE 2ND
Mississippi State University Bulldogs batting - Pitching for University of Alabama Crimson Tide : RHP Maarten Postma
Batting: LHB Tom Ploughman 0-0: DOUBLE (Line Drive, 89D, EV 101.2 MPH)
Batting: RHB Ryan Muldoon 0-0: Ball
1-0: Ball
2-0: Called Strike
2-1: Foul Ball, location: 2F
2-2: Ball
3-2: Foul Ball, location: 2F
3-2: Foul Ball, location: 2F
3-2: Base on Balls
Batting: RHB Paulo Aubert 0-0: Ball
1-0: Called Strike
1-1: Swinging Strike
1-2: Ball
2-2: Ball
3-2: Foul Ball, location: 2F
3-2: Fielders Choice at 2nd, 6-4 (Groundball, 6MS, EV 80.0 MPH)
Tom Ploughman to third
Batting: SHB Toshinori Shimabukuro 0-0: Called Strike
0-1: Fly out, F7 (Flyball, 7D, EV 97.5 MPH)
Runner from 3rd tags up, SCORES, no throw by LF
Batting: SHB Shou-xin Ouyang 0-0: Fielders Choice at 2nd, 6-4 (Groundball, 6, EV 98.1 MPH)
Top of the 2nd over - 1 run, 1 hit, 0 errors, 1 left on base; Mississippi State University 4 - University of Alabama 0
BOTTOM OF THE 2ND
University of Alabama Crimson Tide batting - Pitching for Mississippi State University Bulldogs : LHP Jon Hoffman
Batting: RHB Al Lara 0-0: Ball
1-0: Swinging Strike
1-1: Swinging Strike
1-2: Foul Ball, location: 2F
1-2: Foul Ball, location: 2F
1-2: Strikes out swinging
Batting: RHB David Sanchez 0-0: Called Strike
0-1: Ball
1-1: Foul Ball, location: 2F
1-2: Foul Ball, location: 2F
1-2: Strikes out swinging
Batting: RHB Fernando Reyes 0-0: Called Strike
0-1: Ball
1-1: Called Strike
1-2: Ball
2-2: Ball
3-2: Strikes out swinging
Bottom of the 2nd over - 0 runs, 0 hits, 0 errors, 0 left on base; Mississippi State University 4 - University of Alabama 0
TOP OF THE 3RD
Mississippi State University Bulldogs batting - Pitching for University of Alabama Crimson Tide : RHP Maarten Postma
Batting: RHB Masahito Sunada 0-0: Called Strike
0-1: Foul Ball, location: 2F
0-2: Ball
1-2: Ball
2-2: SINGLE (Groundball, 4MD, EV 101.9 MPH)
Batting: RHB Eric Riley 0-0: Ball
1-0: Called Strike
1-1: Ball
2-1: Ball
3-1: Base on Balls
Masahito Sunada to second
Batting: RHB Karl Lukasiewicz 0-0: Called Strike
0-1: Foul Ball, location: 2F
0-2: Fly out, F8 (Flyball, 8RM, EV 81.9 MPH)
Pitching: RHP Luiz Schantz
Batting: RHB Bill Petipas 0-0: Ball
1-0: Called Strike
1-1: Fly out, F9 (Flyball, 9, EV 89.4 MPH)
Batting: LHB Tom Ploughman 0-0: Called Strike
0-1: Ball
1-1: Swinging Strike
1-2: Ball
2-2: Fly out, F7 (Flyball, 7LS, EV 83.8 MPH)
Top of the 3rd over - 0 runs, 1 hit, 0 errors, 2 left on base; Mississippi State University 4 - University of Alabama 0
BOTTOM OF THE 3RD
University of Alabama Crimson Tide batting - Pitching for Mississippi State University Bulldogs : LHP Jon Hoffman
Batting: RHB Gualtiero Fagnini 0-0: Swinging Strike
0-1: Swinging Strike
0-2: Ball
1-2: SOLO HOME RUN (Flyball, 78XD, EV 108.8 MPH), Distance : 433 ft
Batting: RHB Rodrik Gardner 0-0: Called Strike
0-1: Foul Ball, location: 2F
0-2: Ball
1-2: Foul Ball, location: 2F
1-2: Strikes out swinging
Batting: RHB John Hicken 0-0: Ball
1-0: Ball
2-0: Ball
3-0: Base on Balls
Batting: RHB Danny Rosario 0-0: Foul Ball, location: 2F
0-1: Foul Ball, location: 2F
0-2: Strikes out looking
Batting: RHB Jong-your Lee 0-0: Ball
1-0: Ground out 5-3 (Groundball, 56S, EV 91.9 MPH)
Bottom of the 3rd over - 1 run, 1 hit, 0 errors, 1 left on base; Mississippi State University 4 - University of Alabama 1
TOP OF THE 4TH
Mississippi State University Bulldogs batting - Pitching for University of Alabama Crimson Tide : RHP Luiz Schantz
Pitching: RHP Cameron Dickens
Batting: RHB Ryan Muldoon 0-0: Swinging Strike
0-1: Swinging Strike
0-2: Ground out 5-3 (Groundball, 56, EV 103.8 MPH)
Batting: RHB Paulo Aubert 0-0: Called Strike
0-1: Ball
1-1: Foul Ball, location: 2F
1-2: SINGLE (Groundball, 56D, EV 105.0 MPH)
Batting: SHB Toshinori Shimabukuro 0-0: Called Strike
0-1: Ball
1-1: Ball
2-1: Fly out, F9 (Flyball, 89M, EV 76.2 MPH)
Batting: SHB Shou-xin Ouyang 0-0: Called Strike
0-1: Fielders Choice at 2nd, 6-4 (Groundball, 6, EV 98.8 MPH)
Top of the 4th over - 0 runs, 1 hit, 0 errors, 1 left on base; Mississippi State University 4 - University of Alabama 1
BOTTOM OF THE 4TH
University of Alabama Crimson Tide batting - Pitching for Mississippi State University Bulldogs : LHP Jon Hoffman
Batting: RHB Justin Gray 0-0: Ball
1-0: Ball
2-0: Ball
3-0: Called Strike
3-1: Base on Balls
Batting: RHB Al Lara 0-0: Ball
1-0: Ball
2-0: Foul Ball, location: 2F
2-1: DOUBLE (Line Drive, 78D, EV 106.2 MPH)
Justin Gray to third
Batting: RHB David Sanchez 0-0: Swinging Strike
0-1: SINGLE (Line Drive, 7LM, EV 91.9 MPH)
Justin Gray scores
Al Lara to third
Batting: RHB Fernando Reyes 0-0: Ball
1-0: Ball
2-0: Ball
3-0: Called Strike
3-1: Called Strike
3-2: Strikes out swinging
Batting: RHB Gualtiero Fagnini 0-0: Ball
1-0: Swinging Strike
1-1: Ball
2-1: Swinging Strike
2-2: Ball
3-2: Foul Ball, location: 2F
3-2: Strikes out swinging
Batting: RHB Rodrik Gardner 0-0: Foul Ball, location: 2F
0-1: SINGLE (Groundball, 56, EV 97.5 MPH)
Al Lara scores
David Sanchez to second
Batting: RHB John Hicken 0-0: Foul Ball, location: 2F
0-1: Swinging Strike
Balk!
David Sanchez to third
Rodrik Gardner to second
0-2: Ball
1-2: Ball
2-2: Ground out U3 (Groundball, 3, EV 87.5 MPH)
Bottom of the 4th over - 2 runs, 3 hits, 0 errors, 2 left on base; Mississippi State University 4 - University of Alabama 3
TOP OF THE 5TH
Mississippi State University Bulldogs batting - Pitching for University of Alabama Crimson Tide : RHP Cameron Dickens
Now at 1B: Onorato Zacagnini
Now in RF: Matt Barkley
Batting: RHB Masahito Sunada 0-0: Ground out 6-3 (Groundball, 6, EV 101.2 MPH)
Pinch Hitting: RHB Freddie Kite 0-0: Ground out 6-3 (Groundball, 6, EV 79.4 MPH)
Pinch Hitting: RHB Cody Ammann 0-0: Ball
1-0: Called Strike
1-1: Ball
2-1: Foul Ball, location: 2F
2-2: Strikes out looking
Top of the 5th over - 0 runs, 0 hits, 0 errors, 0 left on base; Mississippi State University 4 - University of Alabama 3
BOTTOM OF THE 5TH
University of Alabama Crimson Tide batting - Pitching for Mississippi State University Bulldogs : LHP Jon Hoffman
Pitching: RHP Esteban Vidal
Now at 2B: Jon Van Dam
Now at SS: Jim Rutherford
Now in CF: Jun Qing
Batting: RHB Danny Rosario 0-0: Ball
1-0: Ball
2-0: Reached on error, E3 (Groundball, 34S, EV 84.4 MPH)
Batting: RHB Jong-your Lee
Pinch Hitting: SHB Andrew Robison Pickoff Throw to First - Out! 1-3 CS
0-0: Ball
1-0: Bunt missed!
1-1: Single, Error in OF, E9, batter to second base (Line Drive, 89S, EV 87.5 MPH)
Batting: RHB Hughie Withers 0-0: Called Strike
Andrew Robison steals 3rd base
0-1: Called Strike
0-2: Foul Ball, location: 2F
0-2: Ball
1-2: Foul Ball, location: 2F
1-2: Ground out 1-3 (Groundball, 13S, EV 71.2 MPH)
Batting: LHB Matt Barkley 0-0: Called Strike
0-1: SINGLE (Flyball, 89M, EV 95.6 MPH)
Andrew Robison scores
Batting: RHB David Sanchez 0-0: Called Strike
Matt Barkley is caught stealing 2nd base 2-4
Bottom of the 5th over - 1 run, 2 hits, 2 errors, 0 left on base; Mississippi State University 4 - University of Alabama 4
TOP OF THE 6TH
Mississippi State University Bulldogs batting - Pitching for University of Alabama Crimson Tide : RHP Cameron Dickens
Pitching: RHP Devon Williams
Now at C: Larry Brown
Now at 2B: B.J. Clark
Now at 3B: Mike Bidwell
Now in CF: Joe Blackwood
Batting: RHB Bill Petipas 0-0: Ball
1-0: Ball
2-0: Ball
3-0: Called Strike
3-1: Foul Ball, location: 2F
3-2: Fly out, F8 (Flyball, 89D, EV 89.4 MPH)
Pinch Hitting: RHB Logan Strassburg 0-0: Called Strike
0-1: Ball
1-1: Ball
2-1: Ball
3-1: Base on Balls
Batting: RHB Jun Qing 0-0: Ball
Logan Strassburg is caught stealing 2nd base 2-4
1-0: Called Strike
1-1: Foul Ball, location: 2F
1-2: Ball
2-2: Ball
3-2: Fly out, F4 (Flyball, 34D, EV 90.6 MPH)
Top of the 6th over - 0 runs, 0 hits, 0 errors, 0 left on base; Mississippi State University 4 - University of Alabama 4
BOTTOM OF THE 6TH
University of Alabama Crimson Tide batting - Pitching for Mississippi State University Bulldogs : RHP Esteban Vidal
Now at C: Oscar Vargas
Now at 1B: Logan Strassburg
Now in RF: Jesse Hodges
Batting: RHB B.J. Clark 0-0: Foul Ball, location: 2F
0-1: Called Strike
0-2: Ball
1-2: Ball
2-2: Ball
3-2: SINGLE (Groundball, 56S, EV 66.2 MPH) (infield hit)
Batting: RHB Onorato Zacagnini
Pinch Hitting: RHB Danny Jaramillo 0-0: Ball
B.J. Clark is caught stealing 2nd base 2-4
1-0: SINGLE (Line Drive, 89M, EV 90.6 MPH)
Pinch Hitting: LHB Adam Antico 0-0: Foul Ball, location: 2F
0-1: Foul Ball, location: 2F
0-2: Ball
1-2: Ball
2-2: Ball
3-2: Foul Ball, location: 2F
3-2: Foul Ball, location: 2F
3-2: Strikes out swinging
Batting: RHB Rodrik Gardner 0-0: Ball
1-0: Fly out, F9 (Flyball, 9LD, EV 75.6 MPH)
Bottom of the 6th over - 0 runs, 2 hits, 0 errors, 1 left on base; Mississippi State University 4 - University of Alabama 4
TOP OF THE 7TH
Mississippi State University Bulldogs batting - Pitching for University of Alabama Crimson Tide : RHP Devon Williams
Pitching: RHP Kirk James
Now at 1B: Matt Aponte
Now in LF: Adam Antico
Batting: RHB Paulo Aubert 0-0: Swinging Strike
0-1: Ball
1-1: Called Strike
1-2: Strikes out looking
Batting: RHB Oscar Vargas 0-0: Ball
1-0: Called Strike
1-1: Foul Ball, location: 2F
1-2: Ball
2-2: Fly out, F7 (Flyball, BS2, EV 102.5 MPH)
Pinch Hitting: RHB Benito Gonzales 0-0: Called Strike
0-1: Swinging Strike
0-2: Ball
1-2: Ball
2-2: Fly out, F2 (Popup, 2R, EV 86.9 MPH)
Top of the 7th over - 0 runs, 0 hits, 0 errors, 0 left on base; Mississippi State University 4 - University of Alabama 4
BOTTOM OF THE 7TH
University of Alabama Crimson Tide batting - Pitching for Mississippi State University Bulldogs : RHP Esteban Vidal
Pitching: RHP Josh Noonan
Now in LF: Benito Gonzales
Batting: LHB Joe Blackwood 0-0: DOUBLE (Groundball, 3L, EV 106.2 MPH)
Batting: RHB Larry Brown 0-0: Ball
1-0: Foul Ball, location: 2F
1-1: Bunted foul
1-2: Foul Ball, location: 2F
1-2: Foul Ball, location: 2F
1-2: Strikes out swinging
Batting: SHB Mike Bidwell 0-0: Called Strike
0-1: Ball
1-1: Swinging Strike
1-2: Ball
2-2: Foul Ball, location: 2F
2-2: Foul Ball, location: 2F
2-2: Strikes out swinging
Batting: LHB Alan Sullivan 0-0: Swinging Strike
0-1: Foul Ball, location: 2F
0-2: Foul Ball, location: 2F
0-2: Strikes out swinging
Bottom of the 7th over - 0 runs, 1 hit, 0 errors, 1 left on base; Mississippi State University 4 - University of Alabama 4
TOP OF THE 8TH
Mississippi State University Bulldogs batting - Pitching for University of Alabama Crimson Tide : RHP Kirk James
Batting: RHB Josh Simmons 0-0: SINGLE (Groundball, 34D, EV 101.9 MPH)
Batting: SHB Jim Rutherford 0-0: Fielders Choice at 2nd, 5-4 (Groundball, 5L, EV 88.8 MPH)
Pinch Hitting: RHB Rich Martinez 0-0: Called Strike
0-1: Fly out, F9 (Flyball, 89D, EV 95.0 MPH)
Batting: RHB Jesse Hodges 0-0: Ball
1-0: Ball
2-0: SINGLE (Groundball, 56D, EV 101.9 MPH)
Jim Rutherford to second
Batting: RHB Logan Strassburg 0-0: Ball
1-0: Called Strike
1-1: Foul Ball, location: 2F
1-2: Ball
2-2: Ball
3-2: Ground out 5-3 (Groundball, 56, EV 94.4 MPH)
Top of the 8th over - 0 runs, 2 hits, 0 errors, 2 left on base; Mississippi State University 4 - University of Alabama 4
BOTTOM OF THE 8TH
University of Alabama Crimson Tide batting - Pitching for Mississippi State University Bulldogs : RHP Josh Noonan
Pitching: RHP Salvatore Caraballo
Now at 2B: Jay Britz
Batting: LHB Matt Barkley 0-0: Called Strike
0-1: Called Strike
0-2: Ball
1-2: Ground out 5-3 (Groundball, 56, EV 84.4 MPH)
Batting: RHB B.J. Clark 0-0: Called Strike
0-1: Ball
1-1: Called Strike
1-2: Ground out 6-3 (Groundball, 6, EV 87.5 MPH)
Pinch Hitting: LHB Dallas Shaw 0-0: Called Strike
0-1: Ball
1-1: Foul Ball, location: 2F
1-2: Ball
2-2: Ball
3-2: Foul Ball, location: 2F
3-2: Strikes out swinging
Bottom of the 8th over - 0 runs, 0 hits, 0 errors, 0 left on base; Mississippi State University 4 - University of Alabama 4
TOP OF THE 9TH
Mississippi State University Bulldogs batting - Pitching for University of Alabama Crimson Tide : RHP Kirk James
Pitching: RHP Ken McGee
Now at 1B: Doyle James
Batting: RHB Jun Qing 0-0: Ball
1-0: Swinging Strike
1-1: Foul Ball, location: 2F
1-2: Ball
2-2: Foul Ball, location: 2F
2-2: Fly out, F8 (Line Drive, 8LD, EV 106.9 MPH)
Batting: RHB Paulo Aubert 0-0: Called Strike
0-1: Foul Ball, location: 2F
0-2: Ball
1-2: Strikes out swinging
Batting: RHB Oscar Vargas 0-0: Ball
1-0: Ground out 6-3 (Groundball, 6, EV 84.4 MPH)
Top of the 9th over - 0 runs, 0 hits, 0 errors, 0 left on base; Mississippi State University 4 - University of Alabama 4
BOTTOM OF THE 9TH
University of Alabama Crimson Tide batting - Pitching for Mississippi State University Bulldogs : RHP Salvatore Caraballo
Pitching: RHP Mike Hand
Batting: LHB Adam Antico 0-0: Foul Ball, location: 2F
0-1: Ball
1-1: Foul Ball, location: 2F
1-2: Strikes out swinging
Batting: RHB Rodrik Gardner 0-0: Foul Ball, location: 2F
0-1: Ground out 4-3 (Groundball, 4, EV 83.1 MPH)
Batting: LHB Joe Blackwood 0-0: Called Strike
0-1: Foul Ball, location: 2F
0-2: Ball
1-2: Foul Ball, location: 2F
1-2: Foul Ball, location: 2F
1-2: Ball
2-2: Strikes out swinging
Bottom of the 9th over - 0 runs, 0 hits, 0 errors, 0 left on base; Mississippi State University 4 - University of Alabama 4
TOP OF THE 10TH
Mississippi State University Bulldogs batting - Pitching for University of Alabama Crimson Tide : RHP Ken McGee
Pitching: LHP Ralph Sandhoff
Batting: RHB Benito Gonzales 0-0: Ball
1-0: Ball
2-0: Called Strike
2-1: Called Strike
2-2: Strikes out swinging, 2-3 out at first.
Batting: RHB Josh Simmons 0-0: Ball
1-0: Ball
2-0: Ball
3-0: Base on Balls
Batting: SHB Jim Rutherford 0-0: Called Strike
0-1: Called Strike
0-2: Ball
1-2: Ball
2-2: SINGLE (Line Drive, 78M, EV 91.9 MPH)
Josh Simmons to second
Batting: RHB Jay Britz 0-0: Called Strike
0-1: Ball
Wild Pitch!
Josh Simmons to third
Jim Rutherford to second
1-1: SINGLE (Groundball, 6, EV 88.1 MPH) (infield hit)
Josh Simmons scores
Jim Rutherford to third
Batting: RHB Jesse Hodges 0-0: Ball
1-0: Ball
Wild Pitch!
Jim Rutherford scores
Jay Britz to second
2-0: Ball
Passed Ball!
Jay Britz to third
3-0: Called Strike
3-1: Swinging Strike
3-2: Foul Ball, location: 2F
3-2: Strikes out swinging
Pinch Hitting: LHB Tim Johnson 0-0: Ball
1-0: Ball
2-0: Ball
3-0: Called Strike
3-1: Base on Balls
Batting: RHB Jun Qing 0-0: Ball
1-0: Foul Ball, location: 2F
1-1: Ball
2-1: SINGLE (Line Drive, 6, EV 95.6 MPH)
Jay Britz scores
Tim Johnson to second
Pitching: RHP Matilde Tudela
Batting: RHB Paulo Aubert 0-0: Ball
1-0: Called Strike
1-1: Foul Ball, location: 2F
1-2: Fly out, F7 (Flyball, 7LMF, EV 102.5 MPH)
Top of the 10th over - 3 runs, 3 hits, 0 errors, 2 left on base; Mississippi State University 7 - University of Alabama 4
BOTTOM OF THE 10TH
University of Alabama Crimson Tide batting - Pitching for Mississippi State University Bulldogs : RHP Mike Hand
Pitching: RHP Bob Majka
Now at 1B: Tim Johnson
Pinch Hitting: RHB Zachary Mandeville 0-0: Called Strike
0-1: Called Strike
0-2: Foul Ball, location: 2F
0-2: Ball
1-2: Strikes out swinging
Pinch Hitting: SHB Eric Briseno 0-0: Ball
1-0: Ball
2-0: Foul Ball, location: 2F
2-1: Ball
3-1: Base on Balls
Batting: LHB Alan Sullivan 0-0: Foul Ball, location: 2F
0-1: Grounds into double play, 4-6-3 (Groundball, 4S, EV 88.1 MPH)
Bottom of the 10th over - 0 runs, 0 hits, 0 errors, 0 left on base; Mississippi State University 7 - University of Alabama 4
Sunday, July 16th , 2023 - OOTP Baseball 24.6 Build 69